 Dungeon Crawl Stone Soup version 0.20.2-3-g29329e0561 (webtiles) character file.

375 Alfie the Skirmisher (level 6, -5/55 HPs)
             Began as a Hill Orc Fighter on July 3, 2023.
             Slain by Dowan
             ... wielding a +0 dagger of electrocution
              (13 damage)
             ... on level 4 of the Dungeon.
             The game lasted 00:07:24 (2022 turns).

Alfie the Skirmisher (Hill Orc Fighter)             Turns: 2022, Time: 00:07:24

Health: -5/55      AC:  9    Str: 26    XL:     6   Next: 73%
Magic:  6/6        EV:  6    Int:  8    God:
Gold:   193        SH: 10    Dex: 10    Spells: 5/5 levels left

rFire    . . .     SeeInvis .   a - +0 rapier
rCold    . . .     Gourm    .   c - +0 shield
rNeg     . . .     Faith    .   h - +0 chain mail
rPois    .         Spirit   .   (no helmet)
rElec    .         Reflect  .   (no cloak)
rCorr    .         Harm     .   (no gloves)
MR       .....                  (no boots)
Stlth    ..........             (no amulet)
Regen    0.2/turn               (no ring)
MPRegen  0.1/turn               (no ring)

@: mighty
A: no striking features
a: no special abilities


You were on level 4 of the Dungeon.
You were not hungry.

You visited 1 branch of the dungeon, and saw 4 of its levels.

You collected 193 gold pieces.

Inventory:

Hand Weapons
 a - a +0 rapier (weapon)
Armour
 c - a +0 shield (worn)
 h - a +0 chain mail (worn)
Wands
 m - a wand of iceblast (7/15)
 n - a wand of random effects (47/48)
Scrolls
 e - 3 scrolls of remove curse
 j - 3 scrolls of teleportation
 k - 4 scrolls of identify
Potions
 b - a potion of degeneration {unknown}
 d - a potion of might
 g - a potion of invisibility {unknown}
 l - a potion of heal wounds {unknown}
Comestibles
 f - 3 bread rations
 i - a meat ration


   Skills:
 + Level 4.9 Fighting
 + Level 4.6 Short Blades
 + Level 4.5 Armour
 + Level 0.7 Dodging
 + Level 4.6 Shields


You had 5 spell levels left.
You didn't know any spells.

Dungeon Overview and Level Annotations

Branches:
Dungeon (4/15)
 Temple: D:4-7

Altars:
Hepliaklqana

Annotations:
D:4 Dowan, Duvessa


Message History

Something hits you but does no damage.
You puncture Duvessa!
Duvessa is moderately wounded.
The adder completely misses you. You block something's attack.
You block Dowan's attack. The adder bites you but does no damage.
Duvessa hits you but does no damage.
You puncture Duvessa!
Duvessa is heavily wounded.
You hear some strange, mumbled words.
A puff of frost appears from out of thin air!
The puff of frost hits you!
* * * LOW HITPOINT WARNING * * *
Dowan hits you but does no damage. The adder bites you.
* * * LOW HITPOINT WARNING * * *
Something hits you but does no damage. You block Duvessa's attack.
You puncture Duvessa!
Duvessa is severely wounded.
Something hits you but does no damage. The adder closely misses you.
Dowan hits you but does no damage.
You are electrocuted!
You die...

.# .. .### ... .P #...
... ...♣ §♣♣. ..P ♣P
..##PP.♣♣.P §♣.♣♣PP♣♣.P♣
..#...P♣.P.♣♣PP§.P(P....
....P♣ ..P.P.§§#...#.P..
....♣♣♣♣..♣..§§........P
..♣.♣♣.P.♣P..#...{...#..
......P..♣......@e......
...♣.♣..♣..♣...#eS.#....
.PP♣P..♣♣..†...♣.♣...8..
.♣♣..PP♣P...♣.♣..P..♣P.♣
.♣♣♣rP.♣..P♣♣PP..♣.P..♣.
...♣P♣♣♣.P.♣♣♣♣!♣♣♣.♣♣.♣
#.#..♣♣P.♣.♣ ..♣ ... ♣
#.###..P.♣♣♣ .P.P ♣♣P
#..##....♣ ....## ♣


You could see Duvessa, Dowan and an adder.

Vanquished Creatures
  A sky beast (D:3)
  A centaur (D:3)
  An orc wizard (D:3)
  An iguana (D:4)
  3 gnolls (D:2)
  4 adders
  An ooze (D:3)
  2 worms (D:2)
  3 dart slugs
  5 orcs (D:3)
  6 bats
  7 giant cockroaches
  4 goblins (D:2)
  6 hobgoblins
  4 jackals (D:2)
  4 kobolds
  4 quokkas
  A ball python (D:3)
  A ball python skeleton (D:4)
  3 frilled lizards
  A quokka skeleton (D:4)
  6 rats
69 creatures vanquished.

Notes
Turn   | Place    | Note
-------+----------+-------------------------------------------
     0 | D:1      | Alfie the Hill Orc Fighter began the quest for the Orb.
     0 | D:1      | Reached XP level 1. HP: 19/19 MP: 1/1
    94 | D:1      | Reached XP level 2. HP: 27/27 MP: 2/2
   557 | D:2      | Reached XP level 3. HP: 33/33 MP: 3/3
   712 | D:2      | Reached XP level 4. HP: 11/40 MP: 4/4
  1122 | D:3      | Noticed a centaur
  1132 | D:3      | Killed a centaur
  1132 | D:3      | Reached XP level 5. HP: 35/47 MP: 5/5
  1473 | D:3      | Noticed a sky beast
  1495 | D:3      | Killed a sky beast
  1495 | D:3      | Reached XP level 6. HP: 42/53 MP: 6/6
  1978 | D:4      | Found a hazy altar of Hepliaklqana.
  2007 | D:4      | Noticed Dowan
  2008 | D:4      | Noticed Duvessa
  2022 | D:4      | Slain by Dowan

Skill      XL: |  1  2  3  4  5 |
---------------+----------------+-----
Fighting       | 4 |  4.9
Short Blades   | 3 4 |  4.6
Shields        | 4 |  4.6
Armour         | 4 |  4.5
Dodging        | |  0.7

Action                   |  1- 3 |  4- 6 || total
-------------------------+-------+-------++-------
Melee: Rapier            |    97 |   187 ||   284
Evoke: Wand              |       |     1 ||     1
  Use: Scroll            |     1 |     8 ||     9
       Potion            |       |     2 ||     2
  Eat: Fruit             |       |     2 ||     2
       Royal jelly       |       |     1 ||     1
Armor: Scale mail        |    56 |    55 ||   111
       Chain mail        |       |    43 ||    43
Dodge: Dodged            |    34 |    50 ||    84
Block: Shield            |    63 |    91 ||   154
